 Dungeon Crawl Stone Soup version 0.29-a0-284-gf9362112df (webtiles) character file.

Game seed: 2437563566807490715

30 NinjaNoafa the Sneak (level 3, -15/35 HPs)
             Began as a Troll Brigand on Mar 28, 2022.
             Was a Follower of Vehumet.
             Killed by an exploding rat (27 damage)
             ... ignited by their inner flame
             ... on level 2 of the Dungeon.
             The game lasted 00:07:54 (533 turns).

NinjaNoafa the Sneak (Troll Brigand)                 Turns: 533, Time: 00:07:54

Health: -15/35     AC:  6    Str: 19    XL:     3   Next: 3%
Magic:  2/2        EV:  9    Int:  9    God:    Vehumet [*.....]
Gold:   28         SH:  0    Dex: 11    Spells: 2/2 levels left

rFire   . . .      SeeInvis .   a - +2 dagger
rCold   . . .      Faith    .   (no shield)
rNeg    . . .      Spirit   .   b - +0 robe
rPois   .          Reflect  .   (helmet restricted)
rElec   .          Harm     .   c - +1 cloak
rCorr   .          Rampage  .   (gloves unavailable)
Will    .....                   (boots unavailable)
Stlth   ++........              (no amulet)
HPRegen 0.91/turn               (no ring)
MPRegen 0.08/turn               (no ring)

@: no status effects
A: large, unfitting armour, claws 3, regeneration 1, shaggy fur 1, tough skin 1
a: Renounce Religion


You were on level 2 of the Dungeon.
You worshipped Vehumet.
Vehumet was aware of your devotion.
You visited 1 branch of the dungeon, and saw 2 of its levels.

You collected 28 gold pieces.

Inventory:

Hand Weapons
 a - a +2 dagger (weapon)
Missiles
 d - 7 poisoned darts (quivered)
 e - 3 curare-tipped darts
 h - 36 stones
 l - 3 boomerangs
Armour
 b - a +0 robe (worn)
 c - a +1 cloak (worn)
Scrolls
 g - a scroll of magic mapping
 j - a scroll of blinking {unknown}


   Skills:
 + Level 1.9 Fighting
 + Level 1.7 Short Blades
 + Level 2.1 Throwing
 + Level 1.0 Dodging
 + Level 2.5 Stealth


You had 2 spell levels left.
You didn't know any spells.
Your spell library contained the following spells:

 Spells                   Type           Power      Damage    Failure   Level
 Magic Dart               Conj           0%         1d3       38%         1
 Pain                     Necr           0%         1d4       38%         1
 Dazzling Flash           Conj/Hex       0%         N/A       77%         3
 Agony                    Necr           0%         N/A       100%        5
 Silence                  Hex/Air        0%         N/A       100%        5
 Infestation              Necr           0%         N/A       100%        8
 Fire Storm               Conj/Fire      0%         5d1       100%        9


Dungeon Overview and Level Annotations

Branches:
Dungeon (2/15)

Altars:
Vehumet


Innate Abilities, Weirdness & Mutations

You are too large for most types of armour.
You have claws for hands.
Your natural rate of healing is unusually fast.
You are covered in fur. (AC +1)
You have tough skin. (AC +1)


Message History

The hobgoblin is heavily wounded.
The rat barely misses you.
The hobgoblin hits you but does no damage.
The worm bites you.
You closely miss the hobgoblin.
The hobgoblin is heavily wounded.
The hobgoblin barely misses you. The rat bites you.
You hit the hobgoblin.
You kill the hobgoblin!
Vehumet accepts your kill.
The quokka bites you but does no damage.
The rat bites you but does no damage. The worm bites you.
The quokka barely misses you.
The quokka bites you but does no damage.
You see here a hobgoblin corpse.
The rat attacks as you move away! The rat closely misses you.
The quokka barely misses you.
As you read the scroll labelled WIPED TYPPUTT, it crumbles to dust.
You feel aware of your surroundings.
It was a scroll of magic mapping.
The quokka closely misses you. The rat barely misses you.
As you read the scroll labelled UROTOH CUEDD, it crumbles to dust.
It is a scroll of enchant armour.
Your +0 cloak glows green for a moment.
The quokka bites you. The worm bites you but does no damage. The rat bites you.
* * * LOW HITPOINT WARNING * * *
As you read the scroll labelled KUS VUXTAKHLAR, it crumbles to dust.
The creatures around you are filled with an inner flame!
It was a scroll of immolation.
The quokka completely misses you. The rat barely misses you.
The worm barely misses you.
The quokka bites you but does no damage.
Throw: 8 darts (poison)
Press: ? - help, Q - select action, (/) - cycle Shift-Dir - straight line, f - rat
Aim: a rat (inner flame, 56% to hit)
You throw a poisoned dart. The poisoned dart hits the rat.
The rat is poisoned.
Flame seeps out of the rat.
The rat is engulfed in blazing flames.
Vehumet accepts your kill.
The rat explodes!
The fiery explosion engulfs you!!
Ouch! That really hurt!
You die...

,,,,***,*,*,,,,* *,,,,,,,,,,*
,,,**,,,*,*,,,,* *,,,,,,,,,,****
,,,**,*,*,*,,,,* **,,,,*,,,,,,,*
,****,*,*,###.*****.###****,,,,**
,* *,,,,,,...,,,,,...,,,,,,,,,,,
,**********##.#####.###****,,,,,,
,*,,,* #........[.# *,,,,,,
,*,*+** #..........# *,,,,,,
,,,,,,* #....@.....# ***,,,,,,
,,,,,,* #...rw○§...##*,,,,*,,,
*+,,,,*****#....§§§....#*,**,*,,,
,*,,,,,,,,*#............,,**,*,,,
,*,,,,,,,,*#...†.......$****,,,,*
,*,,,,,,,,*#..........#.*********
,*,,,,,,,**####)###.##..,,,,,,,,*
,*,**,,,,* #....###.#*..,,,,,,,,,
,*,,,,,,,*##.##...#.#*,,,,,,,,,,,


You could see a worm (inner flame) and a quokka (inner flame).

Vanquished Creatures
  A worm (D:2)
  A dart slug (D:1)
  An endoplasm (D:1)
  4 giant cockroaches (D:1)
  3 hobgoblins
  5 kobolds (D:1)
  A quokka (D:2)
  2 bats (D:2)
  3 goblins (D:1)
  2 rats
23 creatures vanquished.

Notes
Turn   | Place    | Note
-------+----------+-------------------------------------------
     0 | D:1      | NinjaNoafa the Troll Brigand began the quest for the Orb.
     0 | D:1      | Reached XP level 1. HP: 19/19 MP: 0/0
   153 | D:1      | Reached XP level 2. HP: 28/28 MP: 1/1
   282 | D:1      | Got the Almanac of Combat Magic and Unholy Rites
   456 | D:2      | Found a faded altar of an unknown god.
   503 | D:2      | Reached skill level 1 in Dodging
   508 | D:2      | Prayed at the altar of an unknown god.
   508 | D:2      | Became a worshipper of Vehumet
   508 | D:2      | Reached * piety under Vehumet
   508 | D:2      | Offered knowledge of Magic Dart by Vehumet.
   521 | D:2      | Reached XP level 3. HP: 35/35 MP: 2/2
   533 | D:2      | Killed by an exploding rat... ignited by their inner flame

Illustrated notes

Levels and vault maps discovered:
D:1:      onia_arrival_pyramid, layout_basic, minmay_worlds_worst_comb
D:2:      layout_basic, dreamdust_ecumenical_altar_statues, minivault_11

Skill      XL: |  1  2 |
---------------+-------+-----
Throwing       | 2 |  2.1
Dodging        | 1 |  1.0
Fighting       | |  1.9
Short Blades   | |  1.7
Stealth        | |  2.5

Action                   || total
-------------------------++-------
Melee: Dagger            ||    76
Throw: Dart              ||    13
  Use: Scroll            ||     3
Armor: Robe              ||    44
Dodge: Dodged            ||    48

Table legend: (Time is in decaauts)
 A = Elapsed time spent in this place.
 B = Non-inter-level travel time spent in this place.
 C = Inter-level travel time spent in this place.
 D = Time resting spent in this place.
 E = Time spent auto-exploring this place.
 F = Levels seen in this place.
 G = Mean time per level.
                   A        B        C        D        E       F      G
               +--------+--------+--------+--------+--------+-----+--------+
         Total |    526 |    526 |      0 |      0 |      0 |   2 |  263.0 |
       Dungeon |    526 |    526 |      0 |      0 |      0 |   2 |  263.0 |
               +--------+--------+--------+--------+--------+-----+--------+

Top non-repeatable levels by time:
     D:1: 407 daAuts
     D:2: 119 daAuts
